 Dungeon Crawl Stone Soup version 0.31-a0-167-g1c394c0614 (webtiles) character file.

Game seed: 18284577779063305223

7065 Shayle the Covert (level 11, -9/68 HPs)
             Began as a Tengu Brigand on June 14, 2023.
             Was an Initiate of Ashenzari.
             Killed from afar by a steam dragon (18 damage)
             ... with a ball of steam
             ... in a bailey.
             The game lasted 00:37:11 (10309 turns).

Shayle the Covert (Tengu Brigand)                  Turns: 10309, Time: 00:37:11

Health: -9/68      AC: 10    Str: 16    XL:     11   Next: 9%
Magic:  16/16      EV: 19    Int: 17    God:    Ashenzari [......]
Gold:   261        SH:  0    Dex: 20    Spells: 15/15 levels left

rFire   . . .        A - +8 quarterstaff of Itiu {pain, *Noise rElec Str+4 SInv}
rCold   + . .        (shield currently unavailable)
rNeg    . . .        O - +0 swamp dragon scales
rPois   +            (helmet restricted)
rElec   +            c - +2 cloak
rCorr   .            (no gloves)
SInv    +            (boots unavailable)
Will    .....        (no amulet)
Stlth   ++++         v - +6 ring of intelligence
HPRegen 0.31/turn    f - ring "Share My Prison" {rC+, Alch, Elem} (curse)
MPRegen 0.15/turn

%: no passive effects
@: flying quickly and evasively, hasted, very quick
A: beak, talons 3, nimble flight
a: Renounce Religion, Curse Item, Shatter the Chains


You were in a bailey.
You worshipped Ashenzari.
Ashenzari was noncommittal.
You visited 2 branches of the dungeon, and saw 11 of its levels.
You also visited: Bailey.

You collected 667 gold pieces.
You spent 406 gold pieces at shops.

Inventory:

Hand Weapons
 h - a +2 dagger of draining
 A - the +8 quarterstaff of Itiu (weapon) {pain, *Noise rElec Str+4 SInv}
   (You found it on level 4 of the Dungeon)

   Str:       It affects your strength (+4).
   rElec:     It insulates you from electricity.
   SInv:      It lets you see invisible.
   *Noise:    It may make noises in combat.
 H - the +7 spear "Vemior" {drain, rF+ Dex-5 SInv}
   (You took it off an orc on level 5 of the Dungeon)

   Dex:       It affects your dexterity (-5).
   rF:        It protects you from fire.
   SInv:      It lets you see invisible.
 I - a +3 dagger
 M - a +2 whip of freezing
 N - a +0 scimitar of flaming
Missiles
 d - 36 poisoned darts (quivered)
 e - 3 curare-tipped darts
Armour
 b - a +0 robe
 c - a +2 cloak (worn)
 q - +0 steam dragon scales
 C - a +1 scale mail of positive energy
 J - a +2 robe of resistance
 O - +0 swamp dragon scales (worn)
Jewellery
 f - the cursed ring "Share My Prison" (right hand) {rC+, Alch, Elem}
   (You found it on level 1 of the Dungeon)

   [ring of protection from cold]

   rC:        It protects you from cold.
   It has a curse which improves the following skills: Alchemy: Poison Magic and
   Transmutations.
   Elements:  Fire Magic, Ice Magic, Air Magic and Earth Magic.
 l - a ring of magical power
 v - a +6 ring of intelligence (left hand)
 K - an amulet of guardian spirit
 Q - a +4 ring of protection
Wands
 B - a wand of paralysis (3)
 G - a wand of polymorph (14)
 L - a wand of acid (2)
Scrolls
 g - 5 scrolls of teleportation
 i - a scroll of poison {unknown}
 n - a scroll of fog
 o - a scroll of revelation {unknown}
 s - 3 scrolls of noise
 y - a scroll of enchant weapon {unknown}
 z - a scroll of amnesia
 E - a scroll of immolation {unknown}
 P - a scroll of silence {unknown}
Potions
 a - 2 potions of curing
 j - a potion of enlightenment
 k - a potion of might
 m - a potion of resistance
 p - a potion of invisibility {unknown}
 r - 2 potions of haste
 t - 2 potions of magic {unknown}
 u - 3 potions of mutation
 x - 3 potions of lignification
 D - 2 potions of brilliance
 F - a potion of berserk rage {unknown}


   Skills:
 + Level 8.2 Fighting
 - Level 8.2 Short Blades
 - Level 2.0 Throwing
 + Level 8.7 Dodging
 - Level 8.9 Stealth
 + Level 2.6 Spellcasting
 + Level 2.2(2.5) Transmutations
 + Level 3.1(3.5) Fire Magic
 + Level 3.8(4.1) Air Magic
 + Level 2.8(3.2) Poison Magic


You had 15 spell levels left.
You didn't know any spells.
Your spell library was empty.

Dungeon Overview and Level Annotations

Branches:
Dungeon (10/15)            Temple (1/1) D:7             Orc (0/2) D:9
 Bailey (1/1)
   Lair: D:8-11

Altars:
Ashenzari
Cheibriados
Dithmenos
Elyvilon
Fedhas
Hepliaklqana
Kikubaaqudgha
Makhleb
Ru
Sif Muna
Trog
Uskayaw
Wu Jian
Xom
Yredelemnul

Shops:
D:3 =   D:6 :   D:7 *

Annotations:
D:5 3 runed translucent doors, ryw's ghost, amateur DsMo


Innate Abilities, Weirdness & Mutations

You have a beak for a mouth.
You have claws for feet.
Your magical nature lets you fly swiftly and evasively.


Message History

Aim: a spriggan, wielding a +0 trident and wearing +2 fire dragon scales (46% to hit)
The bolt of acid misses the spriggan.
Aiming: Corrosive Bolt
Press: ? - help, Shift-Dir - straight line, f/p - spriggan
Aim: a spriggan, wielding a +0 trident and wearing +2 fire dragon scales (46% to hit)
The bolt of acid misses the spriggan.
Aiming: Paralyse
Press: ? - help, Shift-Dir - straight line, f/p - spriggan
Aim: a spriggan, wielding a +0 trident and wearing +2 fire dragon scales (chance to affect: 17%)
The spriggan resists with almost no effort.
Aiming: Paralyse
Press: ? - help, Shift-Dir - straight line, f/p - spriggan
Aim: a spriggan, wielding a +0 trident and wearing +2 fire dragon scales (chance to affect: 17%)
The spriggan resists with almost no effort.
The spriggan splashes around in the water.
There is an empty arch of ancient stone here.
Aiming: Corrosive Bolt
Press: ? - help, Shift-Dir - straight line, f/p - spriggan
Aim: a spriggan, wielding a +0 trident and wearing +2 fire dragon scales (46% to hit)
The bolt of acid hits the spriggan.
The acid corrodes the spriggan!
The spriggan is lightly wounded.
The spriggan hits you with a +0 trident!
* * * LOW HITPOINT WARNING * * *
There is an empty arch of ancient stone, spattered with blood here.
You miss the spriggan.
You claw the spriggan, but do no damage.
The spriggan is lightly wounded.
The spriggan closely misses you.
You feel better.
You thump the spriggan! Your peck misses the spriggan.
The spriggan is heavily wounded.
The spriggan barely misses you.
You barely miss the spriggan.
The spriggan is heavily wounded.
The spriggan misses you.
You sock the spriggan!
You kill the spriggan!
The steam dragon breathes steam at you. The ball of steam hits you!!
You die...

###♣##..##
##.## ..
#♣..## ##...##
. ##..##
#.....#
##..###.....##
#..)~~..∩...#
#..~~~.)....#
#..~~~......#
#..~~~).....#
♣..))~D§@...#
##..###.....##
. ##..##
#.....# ..
#♣..## ##...##
#♣####..##
##.##
...§§..## ###
.D§.D.##
#######


You could see a steam dragon (catching breath).

Vanquished Creatures
  Erolcha (D:9)
  Pikel (D:7)
  Maggie (D:7)
  A hornet (D:7)
  2 spriggans (Bailey)
  A wyvern (D:6)
  Sigmund (D:4)
  3 steam dragons
  Menkaure (D:5)
  An acid dragon (D:7)
  Duvessa (D:4)
  3 sky beasts
  3 orc warriors
  2 ice beasts (D:7)
  2 black bears (D:5)
  6 ogres
  5 centaurs
  2 kobold brigands (D:7)
  2 bullfrogs
  4 scorpions
  5 wights
  Dowan (D:4)
  10 killer bees
  6 hounds
  6 orc priests
  2 jellies
  Crazy Yiuf (D:2)
  2 gnoll boudas
  2 sleepcaps (D:5)
  13 orc wizards
  2 iguanas (D:6)
  7 gnolls
  7 adders
  2 white imps
  3 ufetubi
  5 worms
  48 orcs
  6 bats
  6 endoplasms
  4 giant cockroaches
  12 goblins
  10 hobgoblins
  7 jackals
  19 kobolds
  A quokka (D:3)
  11 ball pythons
  7 frilled lizards
  5 rats
253 creatures vanquished.

Vanquished Creatures (others)
  A butterfly (D:5)
1 creature vanquished.

Grand Total: 254 creatures vanquished

Notes
Turn   | Place    | Note
-------+----------+-------------------------------------------
     0 | D:1      | Shayle the Tengu Brigand began the quest for the Orb.
     0 | D:1      | Reached XP level 1. HP: 12/12 MP: 2/2
    68 | D:1      | Reached XP level 2. HP: 16/17 MP: 3/3
   304 | D:1      | Reached XP level 3. HP: 20/22 MP: 4/4
   786 | D:2      | Found a runed translucent door.
   787 | D:2      | Noticed Crazy Yiuf
   986 | D:2      | Reached XP level 4. HP: 24/27 MP: 5/5
  1447 | D:2      | Found a faded altar of an unknown god.
  2319 | D:3      | Found Virotan's Jewellery Shop.
  2331 | D:3      | Gained mutation: Your magical nature lets you fly swiftly
                  | and evasively. [Tengu growth]
  2331 | D:3      | Reached XP level 5. HP: 27/32 MP: 6/6
  2351 | D:3      | Found a hazy altar of Hepliaklqana.
  2675 | D:4      | Noticed Sigmund
  2679 | D:4      | Killed Sigmund
  2680 | D:4      | Reached skill level 5 in Stealth
  2680 | D:4      | Reached XP level 6. HP: 37/37 MP: 7/7
  2861 | D:4      | Found a snail-covered altar of Cheibriados.
  2862 | D:4      | Found an ancient bone altar of Kikubaaqudgha.
  2894 | D:4      | Identified the +8 quarterstaff of Itiu {pain, *Noise rElec
                  | Str+4 SInv}
  2904 | D:4      | Noticed Duvessa
  2906 | D:4      | Noticed Dowan
  2920 | D:4      | Killed Duvessa
  2922 | D:4      | Killed Dowan
  2923 | D:4      | Reached XP level 7. HP: 11/43 MP: 8/8
  3628 | D:5      | Entered Level 5 of the Dungeon
  3654 | D:5      | Reached skill level 5 in Short Blades
  3696 | D:5      | Found a white marble altar of Elyvilon.
  3697 | D:5      | You are sucked into a shaft and drop 1 floor!
  3737 | D:6      | Noticed a wyvern
  3746 | D:6      | Killed a wyvern
  3747 | D:6      | Reached XP level 8. HP: 12/48 MP: 9/9
  3923 | D:5      | Found a runed translucent gate.
  3923 | D:5      | Found a runed translucent gate.
  3930 | D:5      | Reached skill level 5 in Fighting
  3930 | D:5      | Reached skill level 5 in Dodging
  3947 | D:5      | Found a bloodstained altar of Trog.
  3962 | D:5      | Found a runed translucent gate.
  3964 | D:5      | Noticed ryw's ghost (amateur DsMo)
  4550 | D:5      | Identified the +7 spear "Vemior" {drain, rF+ Dex-5 SInv}
  4558 | D:5      | Noticed Menkaure
  4578 | D:5      | Killed Menkaure
  4579 | D:5      | Reached XP level 9. HP: 42/55 MP: 10/10
  4915 | D:6      | Found Othuoducs's Tiny Tomes.
  5849 | D:7      | Noticed a hornet
  5855 | D:7      | Found a hide-covered altar of Uskayaw.
  5861 | D:7      | Killed a hornet
  5942 | D:7      | Noticed Maggie
  6118 | D:7      | Found a staircase to the Ecumenical Temple.
  6126 | Temple   | Entered the Ecumenical Temple
  6150 | Temple   | Became a worshipper of Ashenzari the Shackled
  6175 | D:7      | Found Waulac Joriy's Assorted Antiques.
  6203 | D:7      | Bought a scroll labelled MONWEA ETINIC for 29 gold pieces
  6203 | D:7      | Bought a dented soapstone amulet for 145 gold pieces
  6203 | D:7      | Bought a lead wand for 116 gold pieces
  6203 | D:7      | Bought a scroll labelled JUKHLA DUNLEUR for 29 gold pieces
  6203 | D:7      | Bought a potion of curing for 87 gold pieces
  6315 | D:7      | Noticed Pikel
  6340 | D:7      | Killed Pikel
  6341 | D:7      | Reached XP level 10. HP: 63/63 MP: 11/11
  6569 | D:2      | Killed Crazy Yiuf
  6957 | D:7      | Killed Maggie
  7046 | D:8      | Found a blossoming altar of Fedhas.
  7046 | D:8      | Found a shimmering blue altar of Sif Muna.
  7853 | D:9      | Reached skill level 1 in Air Magic
  7933 | D:8      | Reached skill level 1 in Fire Magic
  8052 | D:8      | Found a shimmering altar of Xom.
  8090 | D:8      | Reached skill level 1 in Spellcasting
  8090 | D:8      | Reached skill level 1 in Poison Magic
  8237 | D:8      | Found a sacrificial altar of Ru.
  8283 | D:8      | Reached skill level 1 in Transmutations
  8495 | D:9      | Noticed Erolcha
  8499 | D:9      | Killed Erolcha
  8540 | D:9      | Found a staircase to the Orcish Mines.
  9918 | D:10     | Entered Level 10 of the Dungeon
  9945 | D:10     | Found a shadowy altar of Dithmenos.
  9998 | D:10     | Reached XP level 11. HP: 42/68 MP: 15/15
 10031 | D:10     | Found a flagged portal.
 10054 | Bailey   | Entered a bailey
 10304 | Bailey   | HP: 2/68 [spriggan/+0 trident (16)]
 10309 | Bailey   | Killed from afar by a steam dragon

Illustrated notes

Levels and vault maps discovered:
D:1:      co_arrival_two_rings, layout_basic, minmay_split_cup_large
D:2:      layout_basic, shapermc_ecumenical_altar_totnotflames,
          minmay_misc_feat_nine_boxes, nicolae_concentric_dashed_squares_wild,
          uniq_crazy_yiuf_cottage
D:3:      layout_loops_cross, nicolae_overflow_crystal_walls, serial_shops,
          shop, minmay_quadrilaterals
D:4:      layout_basic, mainiacjoe_overflow_catwalk_spiral, uniq_duvessa,
          uniq_sigmund
D:5:      layout_cave_pools, nicolae_elyvilon_peaceful_grove,
          trog_ov_bears_minmay, ebering_ghost_rock_garden,
          kb_lookout_dungeons_type, uniq_menkaure
D:6:      layout_loops_ring, minivault_25, nicolae_shop_i_like_small_books_too
D:7:      layout_rooms, lemuel_crystal_altar, minmay_temple_entry_mist,
          serial_shops, nicolae_square_shop, uniq_maggie, uniq_pikel
D:8:      layout_basic, nicolae_ru_great_annihilating_truth, kennysheep_mini,
          chequers_temple_overflow_statue_of_worship
D:9:      layout_basic, minmay_orc_entry_temple_small, uniq_erolcha
D:10:     layout_long_grid, amcnicky_altar_gilded, nicolae_trove_entry_columns,
          serial_glass, glass_columns_b, glass_columns_a, glass_columns_a,
          glass_columns_a, glass_columns_b, glass_columns_a, enter_bailey_4
Temple:   jpeg_temple_clearing
Bailey:   bailey_polearm_enchanted_keep_hellmonk, bailey

Skill      XL: |  1  2  3  4  5  6  7  8  9 10 11 |
---------------+----------------------------------+-----
Dodging        | 2 3 4 6 7 8 |  8.7
Short Blades   | 3 4 5 6 7 8 |  8.2
Fighting       | 3 4 5 7 8 |  8.2
Stealth        | 5 6 7 8 |  8.9
Air Magic      | 3 |  3.8
Fire Magic     | 2 3 |  3.1
Spellcasting   | 2 |  2.6
Poison Magic   | 2 |  2.8
Transmutations | 1 2 |  2.2
Throwing       | |  2.0

Action                     |  1- 3 |  4- 6 |  7- 9 | 10-12 || total
---------------------------+-------+-------+-------+-------++-------
  Melee: Dagger            |    69 |    68 |       |     1 ||   138
         Kick              |    18 |    15 |    70 |    71 ||   174
         Peck              |     3 |     5 |    35 |    40 ||    83
         Quarterstaff      |       |     6 |   221 |   227 ||   454
  Throw: Dart              |       |       |       |    22 ||    22
         Throwing net      |       |       |       |     1 ||     1
 Invoke: Curse Item        |       |       |       |     1 ||     1
  Evoke: Wand              |       |       |     1 |    11 ||    12
    Use: Potion            |       |     3 |       |     2 ||     5
         Scroll            |       |       |       |    15 ||    15
   Stab: Sleeping          |    10 |    13 |    12 |     4 ||    39
         Paralysed         |       |       |     2 |     9 ||    11
         Distracted        |       |       |       |     2 ||     2
 Armour: Robe              |    12 |    11 |    29 |       ||    52
         Swamp dragon scal |       |       |       |    86 ||    86
  Dodge: Dodged            |    32 |    51 |   199 |   346 ||   628

Table legend: (Time is in decaauts)
 A = Elapsed time spent in this place.
 B = Non-inter-level travel time spent in this place.
 C = Inter-level travel time spent in this place.
 D = Time resting spent in this place.
 E = Time spent auto-exploring this place.
 F = Levels seen in this place.
 G = Mean time per level.
                   A        B        C        D        E       F      G
               +--------+--------+--------+--------+--------+-----+--------+
         Total |   9943 |   9484 |    459 |   2151 |   4628 |  12 |  828.6 |
       Dungeon |   9678 |   9229 |    449 |   2122 |   4601 |  10 |  967.8 |
        Temple |     31 |     22 |      9 |      0 |     14 |   1 |   31.0 |
        Bailey |    232 |    232 |      0 |     29 |     11 |   1 |  232.0 |
               +--------+--------+--------+--------+--------+-----+--------+

Top non-repeatable levels by time:
     D:9: 1401 daAuts
     D:2: 1357 daAuts
     D:7: 1267 daAuts
     D:4: 1135 daAuts
     D:6: 1117 daAuts
     D:8: 1084 daAuts
     D:5: 846 daAuts
     D:3: 670 daAuts
     D:1: 663 daAuts
  Bailey: 232 daAuts
    D:10: 134 daAuts
  Temple: 31 daAuts
